 Dungeon Crawl Stone Soup version 0.24-a0-416-g56ce517 (webtiles) character file.

Game seed: 8176758655791857409

724 Alex the Cudgeler (level 7, 0/59 HPs)
             Began as a Minotaur Fighter on June 9, 2019.
             Killed by divine providence
             ... invoked by an orc priest
              (13 damage)
             ... on level 4 of the Dungeon.
             The game lasted 00:11:49 (4288 turns).

Alex the Cudgeler (Minotaur Fighter)                Turns: 4288, Time: 00:11:49

Health: 0/59       AC:  8    Str: 20    XL:     7   Next: 43%
Magic:  6/6        EV:  8    Int:  5    God:
Gold:   158        SH: 10    Dex: 12    Spells: 6/6 levels left

rFire    . . .     SeeInvis .   a - +0 flail
rCold    . . .     Gourm    .   c - +0 shield
rNeg     . . .     Faith    .   b - +0 scale mail
rPois    .         Spirit   .   (helmet restricted)
rElec    .         Reflect  .   t - +0 cloak {+Inv}
rCorr    .         Harm     .   (no gloves)
MR       .....                  (no boots)
Stlth    ..........             (no amulet)
HPRegen  0.19/turn              (no ring)
MPRegen  0.10/turn              (no ring)

@: no status effects
A: retaliatory headbutt, horns 2
a: Evoke Invisibility


You were on level 4 of the Dungeon.
You were not hungry.

You visited 1 branch of the dungeon, and saw 4 of its levels.
You also visited: Sewer.

You collected 158 gold pieces.

Inventory:

Hand Weapons
 a - a +0 flail (weapon)
Missiles
 n - 78 stones (quivered)
 u - 38 sling bullets
Armour
 b - a +0 scale mail (worn)
 c - a +0 shield (worn)
 t - a +0 cloak of invisibility (worn)
Jewellery
 o - an uncursed amulet of magic regeneration {unknown}
 s - an uncursed amulet of harm {unknown}
 v - a +2 ring of dexterity {unknown}
Scrolls
 e - 3 scrolls of remove curse {unknown}
 h - 8 scrolls of identify {unknown}
 j - 3 scrolls of teleportation {unknown}
 l - a scroll of immolation {unknown}
 y - a scroll of amnesia {unknown}
 C - a scroll of enchant armour {unknown}
 D - 2 scrolls of fear {unknown}
 E - a scroll of blinking {unknown}
Potions
 d - 4 potions of might
 g - 3 potions of haste {unknown}
 i - 2 potions of heal wounds {unknown}
 k - a potion of lignification {unknown}
 m - a potion of flight {unknown}
 p - a potion of berserk rage {unknown}
 q - a potion of ambrosia {unknown}
 r - 6 potions of brilliance {unknown}
 w - a potion of mutation {unknown}
 z - 2 potions of agility {unknown}
 A - 6 potions of curing
 B - a potion of cancellation {unknown}
Comestibles
 f - 5 rations
 x - 9 chunks of flesh


   Skills:
 - Level 4.0 Fighting
 * Level 7.7 Maces & Flails
 + Level 5.7 Armour
 - Level 1.0 Dodging
 + Level 5.5 Shields


You had 6 spell levels left.
You didn't know any spells.
Your spell library was empty.

Dungeon Overview and Level Annotations

Branches:
Dungeon (4/15)
 Temple: D:4-7

Altars:
Elyvilon
Fedhas
Uskayaw

Annotations:
D:2 exclusion: oklob plant


Innate Abilities, Weirdness & Mutations

You reflexively headbutt those who attack you in melee.
You have a pair of horns on your head.


Message History

You kill Edmund!
The orc priest calls down the wrath of Beogh upon you.
Pain shoots through your body!
* * * LOW HITPOINT WARNING * * *
The orc priest barely misses you. You furiously retaliate!
You headbutt the orc priest, but do no damage.
Things that are here:
a +5 flail of crushing; a +0 ring mail; the human corpse of Edmund You sock the orc priest!
The orc priest is heavily wounded.
You block the orc priest's attack.
You hit the orc priest but do no damage.
The orc priest is heavily wounded.
The orc priest closely misses you. You furiously retaliate!
You headbutt the orc priest, but do no damage.
You closely miss the orc priest.
The orc priest is heavily wounded.
The orc priest invokes the aid of Beogh against you.
Beogh smites you!
You die...

### ###
#####'###.#
#.#
#......<..#
#.#
#.........#
#.#
#.........#
#.#
#........(#
#o#
#####.#'#.#
#o# #.#.#.#
#o# #)#.#.#
#@# #.#...#
#.# #.#####
#.# #.# #.#
#.# #.# #.#
#.# #.# #.#
#.# #.#
#.########.#


You could see an orc priest and 2 orcs.

Vanquished Creatures
  Edmund (D:4)
  2 big kobolds (Sewer)
  Crazy Yiuf (D:2)
  2 orc wizards (D:3)
  Jessica (D:2)
  Robin (D:4)
  10 adders
  9 river rats
  2 oozes
  7 worms
  3 dart slugs (D:1)
  A leopard gecko (D:2)
  18 orcs (D:3)
  5 ball pythons
  5 bats
  2 giant cockroaches (D:1)
  12 goblins
  7 hobgoblins
  8 jackals
  19 kobolds
  15 frilled lizards
  28 rats
159 creatures vanquished.

Notes
Turn   | Place    | Note
-------+----------+-------------------------------------------
     0 | D:1      | Alex the Minotaur Fighter began the quest for the Orb.
     0 | D:1      | Reached XP level 1. HP: 19/19 MP: 0/0
   254 | D:1      | Reached XP level 2. HP: 27/27 MP: 1/1
   503 | D:1      | Reached XP level 3. HP: 33/33 MP: 2/2
  1104 | D:2      | Found a runed translucent door.
  1105 | D:2      | Noticed Crazy Yiuf
  1172 | D:2      | Reached skill level 3 in Maces & Flails
  1292 | D:2      | Found a blossoming altar of Fedhas.
  1317 | D:2      | Noticed an oklob plant
  1399 | D:2      | Found a hide-covered altar of Uskayaw.
  1402 | D:2      | Noticed a +0 hand axe
  1402 | D:2      | Noticed a +0 hand axe
  1452 | D:2      | Noticed Jessica
  1455 | D:2      | Killed Jessica
  1455 | D:2      | Reached XP level 4. HP: 38/40 MP: 3/3
  2001 | D:2      | Killed Crazy Yiuf
  2001 | D:2      | Reached skill level 4 in Maces & Flails
  2260 | D:3      | Reached skill level 1 in Dodging
  2260 | D:3      | Reached XP level 5. HP: 27/46 MP: 4/4
  2521 | D:3      | Reached skill level 5 in Armour
  2632 | D:3      | Found a glowing drain.
  2638 | Sewer    | Entered a sewer
  2656 | Sewer    | Reached skill level 5 in Maces & Flails
  2905 | Sewer    | Reached XP level 6. HP: 52/52 MP: 5/5
  2949 | Sewer    | Reached skill level 5 in Shields
  3008 | Sewer    | Reached skill level 6 in Maces & Flails
  3658 | D:3      | Reached XP level 7. HP: 48/59 MP: 6/6
  3749 | D:3      | Reached skill level 7 in Maces & Flails
  4002 | D:3      | Found a white marble altar of Elyvilon.
  4204 | D:4      | Noticed Robin
  4214 | D:4      | Killed Robin
  4268 | D:4      | Noticed Edmund
  4284 | D:4      | Killed Edmund
  4288 | D:4      | Killed from afar by an orc priest

Levels and vault maps discovered:
D:1:      lemuel_arrival_behind_the_door_large, layout_rooms,
          minmay_misc_feat_five
D:2:      layout_basic, dancing_weapons_uskayaw, kennysheep_small_spiral,
          tgw_fedhas, uniq_jessica, uniq_crazy_yiuf_cottage
D:3:      layout_loops_ring, marbit_many_paths, first_ration,
          lightli_sewer_entry_pipes, chequers_serial_rivers_room_b,
          kennysheep_generic_room_5
D:4:      layout_basic, kennysheep_okawaru_gauntlet, kennysheep_mini,
          old_standard_altar, minmay_statues_item, nicolae_gozag_seed_capital,
          uniq_robin, uniq_edmund

Skill      XL: |  1  2  3  4  5  6  7 |
---------------+----------------------+-----
Armour         | 4 5 |  5.7
Fighting       | 4 |  4.0
Shields        | 4 5 |  5.5
Maces & Flails | 3 4 5 6 7 |  7.7
Dodging        | 1 |  1.0

Action                   |  1- 3 |  4- 6 |  7- 9 || total
-------------------------+-------+-------+-------++-------
Melee: Flail             |   101 |   219 |    85 ||   405
       Headbutt          |    12 |    38 |    15 ||    65
  Eat: Chunk             |     2 |     7 |     3 ||    12
Armor: Scale mail        |    56 |    74 |    20 ||   150
Dodge: Dodged            |    39 |    85 |     9 ||   133
Block: Shield            |    76 |   112 |    36 ||   224

Table legend:
 A = Non-vault XP
 B = Vault XP
 C = Vault XP percentage of total XP
 D = Non-vault monster count
 E = Vault monster count
 F = Vault count percentage of total count
                 A         B        C        D         E       F
            +---------+---------+-------+---------+---------+-------
      Total |     324 |     711 |  68.7 |      88 |      71 |  44.7
            +---------+---------+-------+---------+---------+-------
        D:1 |      42 |       0 |   0.0 |      23 |       0 |   0.0
        D:2 |      67 |      78 |  53.8 |      25 |       2 |   7.4
        D:3 |     215 |      73 |  25.3 |      40 |      12 |  23.1
        D:4 |       0 |     187 | 100.0 |       0 |       9 | 100.0
      Sewer |       0 |     373 | 100.0 |       0 |      48 | 100.0
            +---------+---------+-------+---------+---------+-------
